 Dungeon Crawl Stone Soup version 0.17.1-3-g152610e (webtiles) character file.

152169 vonLiebermann the Peltast (level 17, -13/148 HPs)
             Began as a Minotaur Gladiator on Mar 25, 2016.
             Was the Champion of Okawaru.
             Mangled by a sun demon (18 damage)
             ... summoned by a deep elf demonologist
             ... on level 3 of the Elven Halls.
             The game lasted 02:55:32 (26109 turns).

vonLiebermann the Peltast (Minotaur Gladiator)     Turns: 26109, Time: 02:55:33

Health: -13/148    AC: 36    Str: 29    XL:     17   Next: 2%
Magic:  0/38       EV: 14    Int:  7    God:    Okawaru [******]
Gold:   1629       SH: 24    Dex: 17    Spells: 0 memorised, 16 levels left

rFire  + + .     SeeInvis +     M - +6 war axe of the Common Good {pain, rPois rF+ MP+9 Dex+3}
rCold  + . .     Clarity  .     J - +11 plate armour of Vegyas {Str+2 Int+4}
rNeg   + . .     SustAt   .     F - +0 large shield
rPois  +         Gourm    .     c - +1 hat
rElec  +         Spirit   +     e - +2 cloak {+Inv}
rCorr  .         Warding  .     k - +0 pair of gloves {Str+3}
rMut   .         Stasis   .     (no boots)
MR     +....                    n - amulet of guardian spirit
Stlth  ..........               o - ring "Opeuk" {rF+ SInv}
                                y - ring of Waaghus {rElec rN+ MP+9 Int-2}

@: somewhat resistant to hostile enchantments, extremely unstealthy
A: retaliatory headbutt, hooves 1, horns 2, thin metallic scales 1, blurry
vision 1, cold resistance 1, sense surroundings 1, spit poison 1, subdued magic
1, MP-powered wands
a: Spit Poison, Heroism, Finesse, Renounce Religion, Evoke Invisibility


You were on level 3 of the Elven Halls.
You worshipped Okawaru.
Okawaru was exalted by your worship.
You were hungry.

You visited 5 branches of the dungeon, and saw 27 of its levels.
You visited the Abyss 1 time.
You also visited: Labyrinth, Sewer and Volcano.

You collected 3929 gold pieces.
You spent 2300 gold pieces at shops.

Inventory:

Hand Weapons
 M - the +6 war axe of the Common Good (weapon) {pain, rPois rF+ MP+9 Dex+3}
   (You found it on level 7 of the Dungeon)

   In the hands of one skilled in necromantic magic, it inflicts extra damage on
   living creatures.
   It affects your dexterity (+3).
   It protects you from fire.
   It protects you from poison.
   It affects your magic capacity (+9).
 O - a +3 war axe of flaming
 Y - the +4 broad axe of Ygrai {freeze, Int+4}
   (You found it on level 6 of the Lair of Beasts)

   It has been specially enchanted to freeze those struck by it, causing extra
   injury to most foes and up to half again as much damage against particularly
   susceptible opponents.
   It can also slow down cold-blooded creatures.
   It affects your intelligence (+4).
Armour
 c - a +1 hat (worn)
 e - a +2 cloak of invisibility (worn)
 k - a +0 pair of gloves of strength (worn)
 F - a +0 large shield (worn)
 J - the +11 plate armour of Vegyas (worn) {Str+2 Int+4}
   (You bought it in a shop on level 2 of the Orcish Mines)

   It affects your strength (+2).
   It affects your intelligence (+4).
 X - a +1 troll leather armour
Jewellery
 n - an amulet of guardian spirit (around neck)
 o - the ring "Opeuk" (right hand) {rF+ SInv}
   (You found it on level 8 of the Lair of Beasts)

   [ring of see invisible]

   It protects you from fire.
   It lets you see invisible.
 y - the ring of Waaghus (left hand) {rElec rN+ MP+9 Int-2}
   (You bought it in a shop on level 3 of the Elven Halls)

   [ring of positive energy]

   It affects your intelligence (-2).
   It insulates you from electricity.
   It protects you from negative energy.
   It affects your magic capacity (+9).
 A - an uncursed ring of protection from cold
 B - an uncursed ring of flight
 I - an uncursed amulet of warding {unknown}
Wands
 p - a wand of teleportation (3)
 r - a wand of random effects (31)
 D - a wand of disintegration (13)
 E - a wand of fireball (2)
 N - a wand of teleportation (7)
 Q - a wand of digging (19)
 W - a wand of lightning (0)
Scrolls
 h - a scroll of summoning
 i - 11 scrolls of identify
 j - 7 scrolls of remove curse
 q - 6 scrolls of blinking
 s - 4 scrolls of teleportation
 u - 2 scrolls of fear
 v - 5 scrolls of recharging
 w - 2 scrolls of magic mapping
 H - 7 scrolls of enchant weapon
 K - 2 scrolls of fog
 L - 3 scrolls of torment
 S - a scroll of silence
Potions
 a - 2 potions of flight
 d - a potion of brilliance
 f - a potion of cancellation
 l - 4 potions of lignification
 m - 7 potions of curing
 x - 4 potions of magic
 z - a potion of haste
 P - 3 potions of invisibility
 R - 3 potions of heal wounds
 T - 3 potions of agility
 U - a potion of resistance
 V - a potion of ambrosia
Books
 G - a book of the Dragon

   Spells                             Type                      Level
   a - Flame Tongue                   Conjuration/Fire             1
   b - Cause Fear                     Hexes                        4
   c - Bolt of Fire                   Conjuration/Fire             6
   d - Dragon Form                    Transmutation                7
   e - Dragon's Call                  Summoning                    9
Comestibles
 b - 2 meat rations
 g - 6 fruits
 t - 3 royal jellies
 C - 15 bread rations
 Z - a beef jerky


   Skills:
 + Level 12.9 Fighting
 - Level 16.9 Axes
 - Level 2.2 Throwing
 - Level 16.3 Armour
 + Level 10.7 Dodging
 + Level 19.1 Shields
 - Level 6.2 Unarmed Combat
 - Level 6.4 Invocations


You had 16 spell levels left.
You didn't know any spells.

Dungeon Overview and Level Annotations

Branches:
Dungeon (11/15)            Temple (1/1) D:7            Lair (8/8) D:11
  Swamp (0/4) Lair:3        Snake (0/4) Lair:6        Slime (0/6) Lair:7
    Orc (4/4) D:11            Elf (3/3) Orc:4

Altars:
Ashenzari
Cheibriados
Dithmenos
Elyvilon
Fedhas
Gozag
Kikubaaqudgha
Makhleb
Nemelex Xobeh
Okawaru
Qazlal
Ru
Sif Muna
Trog
Vehumet
Xom
Yredelemnul
Zin
The Shining One
Beogh
Jiyva

Shops:
D:11 =   Orc:2 [   Orc:4 %*(!?   Elf:3 !(%=:

Annotations:
Lair:7 1 runed door


Innate Abilities, Weirdness & Mutations

You reflexively headbutt those who attack you in melee.
You have a pair of horns on your head.
You have large cloven feet.
You are partially covered in thin metallic scales (AC +2).
Scrolls take you a little longer to read.
Your flesh is cold resistant.
You passively map a small area around you.
You can spit weak poison.
Your spells are a little easier to cast, but a little less powerful.
You expend magic power (3 MP) to strengthen your wands.


Message History

You feel sick. The sun demon misses you.
You see here a long sword.
You feel sick. You block the sun demon's attack.
The deep elf annihilator gestures at you while chanting.
The iron shot hits you!
* * * LOW HITPOINT WARNING * * *
You feel sick.
You block the deep elf annihilator's attack.
Drink which item? (? for menu, Esc to quit)
You feel better. The sun demon hits you.
* * * LOW HITPOINT WARNING * * *
You are engulfed in flames.
You resist.
* * * LOW HITPOINT WARNING * * *
Drink which item? (? for menu, Esc to quit)
You feel better.
The deep elf annihilator casts a spell at you.
The iron shot hits you!
* * * LOW HITPOINT WARNING * * *
The sun demon hits you!!
You die...

...(.)##.##.#.#
#..()..........).
.∩....##.##...#
#.....#.#####....
...(..##.##.###
#.#####* ###..
.∩..#.##.##.# ###.##
#.. #.(##.##.##.#
#....# ##* #..
..)......##.###.##e#
##.#*#e.
#.###..####.....##.#
##...##.. ##.##..#
#####.##e#
##.....#..
##.#..########e@3.#
##...#...e.
##...........#######
#...###e4..
#..#########.#
*#...#..ee. )......#
##.## ##..e.....
.......# ##...##
##.......
.......###.###.##
##......
.......#..#...#.#
##...[.
...)...#..#.<.#.#
......
.......#..#...#.#
......


You could see a deep elf annihilator, a sun demon and a deep elf demonologist.

Vanquished Creatures
  Saint Roka (Elf:3)
  3 deep elf blademasters
  A deep elf master archer (Elf:3)
  3 deep elf sorcerers (Elf:3)
  An orc warlord (Orc:3)
  5 deep elf demonologists
  2 deep elf annihilators (Elf:3)
  5 dire elephants (Lair:8)
  5 deep elf death magi
  Snorg (D:11)
  A minotaur (Lab)
  The ghost of Jerry the Blocker, a journeyman FoFi of Okawaru (Orc:4)
  5 deep elf high priests
  Erolcha (D:11)
  Fannar (Lair:1)
  An ettin (Orc:4)
  4 hydras
  17 dancing weapons (Elf:2)
  An anaconda (Lair:8)
  9 orc high priests
  11 death yaks
  20 deep elf knights
  A thrashing horror (Abyss:1)
  Nergalle (Lair:1)
  4 small abominations
  3 large abominations (Abyss:1)
  A fire crab (Lair:8)
  2 unseen horrors
  9 deep elf summoners
  An unseen horror (shapeshifter) (Elf:1)
  A hill giant (D:10)
  A lindwurm (shapeshifter) (Elf:2)
  17 deep elf conjurers
  An orc knight (Orc:2)
  A worldbinder (Abyss:1)
  A griffon (Lair:6)
  2 ugly things (D:11)
  A cyclops (D:11)
  2 toenail golems (Volcano)
  A smoke demon (Abyss:1)
  18 elephants
  Maurice (Orc:4)
  A fire giant skeleton (Abyss:1)
  Psyche (D:8)
  A torpor snail (Lair:7)
  An orange demon (Abyss:1)
  7 black mambas
  13 spiny frogs
  2 fire drakes
  A polar bear (Lair:7)
  A freezing wraith (Abyss:1)
  8 deep elf priests
  An ancient zyme (Abyss:1)
  7 komodo dragons
  Prince Ribbit (D:7)
  11 trolls
  2 two-headed ogres
  19 blink frogs
  A boulder beetle (Lair:8)
  2 wyverns
  4 raiju (Abyss:1)
  A ynoxinul (Abyss:1)
  Sigmund (D:5)
  A tarantella (shapeshifter) (Elf:1)
  4 humans (Volcano)
  20 deep elf magi
  A fire bat (Abyss:1)
  29 deep elf fighters
  A neqoxec (Abyss:1)
  15 yaks
  A spriggan (D:7)
  4 vampire mosquitoes (Lair:3)
  8 hippogriffs
  Menkaure (D:7)
  6 wargs
  6 hungry ghosts
  Edmund (D:4)
  13 wolves
  4 nagas (Lair:6)
  A warg (shapeshifter) (Elf:1)
  11 water moccasins
  A porcupine (shapeshifter) (Elf:1)
  10 ice beasts
  A wasp (Lair:5)
  2 sky beasts
  2 eyes of draining
  14 porcupines
  3 black bears
  2 phantoms
  18 orc warriors
  10 ogres
  22 crocodiles
  17 giant frogs
  Blork the orc (D:5)
  5 scorpions
  3 jellies
  6 killer bees
  3 centaur zombies
  5 crimson imps
  3 wights (D:11)
  A giant frog zombie (D:10)
  2 starcursed masses (Abyss:1)
  2 quasits (Abyss:1)
  2 hounds
  Crazy Yiuf (D:2)
  A giant frog skeleton (D:11)
  38 orc priests
  4 centaur skeletons
  5 worker ants
  9 iguanas
  29 orc wizards
  3 killer bee zombies
  7 sheep (Lair:8)
  A hound zombie (D:5)
  A hound skeleton (D:5)
  A mummy (D:7)
  2 worker ant zombies (D:5)
  11 adders
  21 river rats
  2 shadow imps
  An ooze (D:3)
  An adder zombie (D:5)
  An adder skeleton (D:7)
  2 worms
  6 giant geckos
  172 orcs
  6 ball pythons
  A giant cockroach (D:1)
  7 goblins
  6 hobgoblins
  11 jackals
  4 quokkas
  6 bats
  10 giant newts
  13 kobolds
  10 rats
  2 crawling corpses (Elf:1)
  3 fungi
  6 plants (Lair:8)
920 creatures vanquished.

Vanquished Creatures (collateral kills)
  A spiny frog (Lair:2)
  A giant frog (Lair:2)
2 creatures vanquished.

Vanquished Creatures (others)
  A deep elf mage (Elf:3)
  An orc (Orc:4)
  A bush (D:11)
  5 fungi
  7 plants
  4 starspawn tentacles (Abyss:1)
  99 starspawn tentacle segments (Abyss:1)
118 creatures vanquished.

Grand Total: 1040 creatures vanquished

Notes
Turn   | Place    | Note
--------------------------------------------------------------
     0 | D:1      | vonLiebermann the Minotaur Gladiator began the quest for the Orb.
     0 | D:1      | Reached XP level 1. HP: 18/18 MP: 0/0
   174 | D:1      | Reached XP level 2. HP: 25/25 MP: 1/1
   234 | D:1      | Reached skill level 4 in Axes
  1034 | D:2      | Reached XP level 3. HP: 25/30 MP: 2/2
  1413 | D:2      | Noticed Crazy Yiuf
  1423 | D:2      | Killed Crazy Yiuf
  1423 | D:2      | Reached XP level 4. HP: 36/38 MP: 3/3
  1759 | D:3      | Reached skill level 1 in Armour
  2004 | D:3      | Reached skill level 5 in Axes
  2172 | D:4      | Reached XP level 5. HP: 31/45 MP: 2/4
  2209 | D:4      | Noticed Edmund
  2250 | D:4      | Found a glowing drain.
  2286 | Sewer    | Entered a sewer
  2739 | D:4      | Killed Edmund
  2739 | D:4      | Reached skill level 6 in Axes
  2739 | D:4      | Reached skill level 1 in Unarmed Combat
  2739 | D:4      | Reached XP level 6. HP: 46/53 MP: 5/5
  2825 | D:4      | Noticed an ogre
  2832 | D:4      | Killed an ogre
  3032 | D:5      | Entered Level 5 of the Dungeon
  3076 | D:5      | Reached skill level 5 in Fighting
  3076 | D:5      | Reached XP level 7. HP: 16/61 MP: 1/6
  3089 | D:5      | Gained mutation: You have large cloven feet. [potion of mutation]
  3089 | D:5      | Gained mutation: You are dopey. (Int -2) [potion of mutation]
  3101 | D:5      | Lost mutation: You are dopey. (Int -2) [potion of mutation]
  3101 | D:5      | Gained mutation: Your flesh is cold resistant. [potion of mutation]
  3101 | D:5      | Gained mutation: You have an increased reservoir of magic (+10% MP). [potion of mutation]
  3934 | D:5      | Noticed Sigmund
  3963 | D:5      | Killed Sigmund
  3963 | D:5      | Reached skill level 7 in Axes
  3963 | D:5      | Reached skill level 1 in Shields
  4231 | D:5      | Noticed Blork the orc
  4241 | D:5      | Killed Blork the orc
  4241 | D:5      | Reached XP level 8. HP: 57/68 MP: 5/7
  4468 | D:6      | Reached skill level 5 in Armour
  4949 | D:6      | Reached skill level 8 in Axes
  4955 | D:6      | Found a blossoming altar of Fedhas.
  5159 | D:6      | Found a shadowy altar of Dithmenos.
  5160 | D:6      | Found a glowing silver altar of Zin.
  5160 | D:6      | Found a deep blue altar of Sif Muna.
  5356 | D:7      | Found a staircase to the Ecumenical Temple.
  5380 | Temple   | Entered the Ecumenical Temple
  5565 | Temple   | Became a worshipper of Warmaster Okawaru
  5582 | D:7      | Noticed Menkaure
  5592 | D:7      | Killed Menkaure
  5592 | D:7      | Reached skill level 5 in Shields
  5666 | D:7      | Gained mutation: You passively map a small area around you. [potion of beneficial mutation]
  5667 | D:7      | Gained mutation: You are partially covered in thin metallic scales (AC +2). [potion of beneficial mutation]
  5706 | D:7      | Noticed Prince Ribbit
  6083 | D:7      | Reached skill level 9 in Axes
  6083 | D:7      | Reached XP level 9. HP: 72/74 MP: 8/8
  6161 | D:7      | Killed Prince Ribbit
  6161 | D:7      | Reached * piety under Okawaru
  6489 | D:7      | Got a twisted war axe
  6490 | D:7      | Identified the +6 war axe of the Common Good {pain, rPois rF+ MP+9 Dex+3} (You found it on level 7 of the Dungeon)
  6585 | D:7      | Found a sparkling altar of Nemelex Xobeh.
  6586 | D:7      | Found an opulent altar of Gozag.
  6603 | D:7      | Found a deep blue altar of Sif Muna.
  6667 | D:7      | Found a snail-covered altar of Cheibriados.
  6837 | D:8      | Reached ** piety under Okawaru
  6898 | D:8      | Reached skill level 10 in Axes
  6903 | D:8      | Noticed Psyche
  6919 | D:8      | Killed Psyche
  7251 | D:9      | Reached XP level 10. HP: 74/84 MP: 10/10
  7597 | D:9      | Got a warped plate armour
  7598 | D:9      | Identified the +1 plate armour of Anarchy {Dex+2} (You found it on level 9 of the Dungeon)
  7858 | D:10     | Entered Level 10 of the Dungeon
  7881 | D:10     | Noticed a hill giant
  7890 | D:10     | Killed a hill giant
  7890 | D:10     | Reached *** piety under Okawaru
  7890 | D:10     | Reached skill level 11 in Axes
  7941 | D:10     | Reached skill level 5 in Unarmed Combat
  8018 | D:10     | Noticed an unseen horror
  8019 | D:10     | Killed an unseen horror
  8019 | D:10     | Reached **** piety under Okawaru
  8019 | D:10     | Reached skill level 1 in Invocations
  8352 | D:11     | Noticed Snorg
  8364 | D:11     | Killed Snorg
  8367 | D:11     | Reached XP level 11. HP: 55/91 MP: 11/13
  8530 | D:11     | Noticed Erolcha
  8546 | D:11     | Paralysed by something for 2 turns
  8569 | D:11     | Killed Erolcha
  8569 | D:11     | Reached skill level 12 in Axes
  8569 | D:11     | Reached skill level 10 in Shields
  8581 | D:11     | Reached ***** piety under Okawaru
  8801 | D:11     | Found a staircase to the Lair.
  8849 | D:11     | Found Pityceet's Jewellery Emporium.
  8849 | D:11     | Noticed an unseen horror
  8872 | D:11     | Killed an unseen horror
  8872 | D:11     | Received a gift from Okawaru
  8900 | D:11     | Noticed a cyclops
  8902 | D:11     | Noticed a green ugly thing
  8908 | D:11     | Killed a green ugly thing
  8917 | D:11     | Killed a cyclops
  8917 | D:11     | Reached skill level 13 in Axes
  9108 | D:11     | Found a staircase to the Orcish Mines.
  9340 | Lair:1   | Entered Level 1 of the Lair of Beasts
  9346 | Lair:1   | Identified 2 scrolls of acquirement
  9516 | Lair:1   | Noticed Nergalle
  9550 | Lair:1   | Killed Nergalle
  9663 | Lair:1   | Noticed Fannar
  9665 | Lair:1   | Noticed an eight-headed hydra
  9683 | Lair:1   | Killed Fannar
  9683 | Lair:1   | Reached skill level 5 in Dodging
  9683 | Lair:1   | Reached XP level 12. HP: 97/103 MP: 14/14
  9753 | Lair:1   | Killed a ten-headed hydra
 10356 | Lair:2   | Noticed a six-headed hydra
 10363 | Lair:2   | Received a gift from Okawaru
 10364 | Lair:2   | Got a steaming scale mail {god gift}
 10388 | Lair:1   | Identified the +4 scale mail of the Heavens {rElec MP+9 Int+2} (Okawaru gifted it to you on level 2 of the Lair of Beasts)
 10418 | Orc:1    | Entered Level 1 of the Orcish Mines
 10475 | Lair:2   | Killed a six-headed hydra
 10782 | Lair:2   | Reached skill level 14 in Axes
 11190 | Lair:3   | Found a staircase to the Swamp.
 11290 | Lair:3   | Reached skill level 5 in Invocations
 11369 | Lair:3   | Found a dark tunnel.
 11375 | Volcano  | Entered a volcano
 11898 | Lair:3   | Reached XP level 13. HP: 90/110 MP: 17/17
 12117 | Lair:4   | Reached skill level 10 in Armour
 12177 | Lair:4   | Found a frozen archway.
 12194 | Lair:4   | Reached ****** piety under Okawaru
 12194 | Lair:4   | Received a gift from Okawaru
 12273 | Lair:4   | Found a labyrinth entrance.
 12284 | Lab      | Entered a labyrinth
 12734 | Lab      | Reached skill level 15 in Axes
 12741 | Lab      | Identified the Tome of Confrontation
 13533 | Lair:5   | Received a gift from Okawaru
 13536 | Lair:5   | Got a dazzling chain mail {god gift}
 13547 | Lair:5   | Identified the +0 chain mail of Surprise {MR+ Slay+2} (Okawaru gifted it to you on level 5 of the Lair of Beasts)
 14028 | Lair:6   | Found a staircase to the Snake Pit.
 14454 | Lair:6   | Got a polished broad axe
 14455 | Lair:6   | Identified the +4 broad axe of Ygrai {freeze, Int+4} (You found it on level 6 of the Lair of Beasts)
 15481 | Lair:7   | Received a gift from Okawaru
 15481 | Lair:7   | Reached skill level 10 in Fighting
 15481 | Lair:7   | Reached XP level 14. HP: 115/121 MP: 19/19
 15515 | Lair:7   | Found a runed door.
 15517 | Lair:7   | Found a viscous altar of Jiyva.
 15518 | Lair:7   | Found a staircase to the Slime Pits.
 15518 | Lair:7   | Noticed an acid blob
 15518 | Lair:7   | Noticed an acid blob
 15518 | Lair:7   | Noticed an acid blob
 15571 | Lair:7   | Reached skill level 16 in Axes
 16143 | Lair:7   | Got a faintly humming leather armour
 16155 | Lair:7   | Identified the cursed +1 leather armour of Ramischun {Stlth+} (You found it on level 7 of the Lair of Beasts)
 16242 | Lair:8   | Entered Level 8 of the Lair of Beasts
 16624 | Lair:8   | Reached skill level 15 in Shields
 17351 | Lair:8   | Received a gift from Okawaru
 17606 | Lair:8   | Got a brightly glowing pewter ring
 17612 | Lair:8   | Identified the ring "Opeuk" {rF+ SInv} (You found it on level 8 of the Lair of Beasts)
 18402 | Orc:2    | Found Sonnisur's Antique Armour Shop.
 18429 | Orc:2    | Bought a faintly glowing plate armour for 672 gold pieces
 18441 | Orc:2    | Identified the +11 plate armour of Vegyas {Str+2 Int+4} (You bought it in a shop on level 2 of the Orcish Mines)
 19055 | Orc:3    | Found a bloodstained altar of Trog.
 19060 | Orc:3    | Noticed an orc warlord
 19110 | Orc:3    | Killed an orc warlord
 19556 | Orc:4    | Entered Level 4 of the Orcish Mines
 19578 | Orc:4    | Found a staircase to the Elven Halls.
 19610 | Orc:4    | Found a roughly hewn altar of Beogh.
 20189 | Orc:4    | Found Eneug's Magic Scroll Boutique.
 20189 | Orc:4    | Found Xakyg's Distillery.
 20198 | Orc:4    | Bought a potion of beneficial mutation for 490 gold pieces
 20198 | Orc:4    | Gained mutation: You can spit weak poison. [potion of beneficial mutation]
 20209 | Orc:4    | Bought a scroll of torment for 97 gold pieces
 20400 | Orc:4    | Noticed Maurice
 20402 | Orc:4    | Found a roughly hewn altar of Beogh.
 20416 | Orc:4    | Killed Maurice
 20451 | Orc:4    | Gained mutation: Scrolls take you a little longer to read. [a neqoxec]
 20461 | Orc:4    | Reached XP level 15. HP: 69/130 MP: 14/20
 20545 | Orc:4    | Found Fuos's Weapon Boutique.
 20545 | Orc:4    | Found Ufuuvoq's General Store.
 20738 | Orc:4    | Found Cigumeto's Food Shop.
 21036 | Orc:4    | Noticed Jerry's ghost (journeyman FoFi)
 21065 | Orc:4    | Killed Jerry's ghost
 21094 | Elf:1    | Entered Level 1 of the Elven Halls
 21118 | Elf:1    | Received a gift from Okawaru
 21219 | Elf:1    | Received a gift from Okawaru
 21807 | Elf:1    | Reached skill level 17 in Shields
 22046 | Elf:1    | Reached skill level 15 in Armour
 22730 | Elf:2    | Received a gift from Okawaru
 22879 | Elf:2    | Found a deep blue altar of Sif Muna.
 23146 | Elf:2    | Found a huge runed gate.
 23146 | Elf:2    | Found a huge runed gate.
 23146 | Elf:2    | Found a huge runed gate.
 23146 | Elf:2    | Found a huge runed gate.
 23148 | Elf:2    | Found a huge runed gate.
 23268 | Elf:2    | Reached XP level 16. HP: 75/138 MP: 14/21
 23734 | Elf:2    | Noticed a deep elf blademaster
 23736 | Elf:2    | Reached skill level 18 in Shields
 23749 | Elf:2    | Killed a deep elf blademaster
 24067 | Elf:3    | Entered Level 3 of the Elven Halls
 24136 | Elf:3    | Received a gift from Okawaru
 24210 | Elf:3    | Found Affev's Food Shop.
 24218 | Elf:3    | Found Zoutz's Jewellery Shop.
 24228 | Elf:3    | Bought the ring of Waaghus {rElec rN+ MP+9 Int-2} for 506 gold pieces
 24228 | Elf:3    | Bought an uncursed ring of sustain attributes for 297 gold pieces
 24301 | Elf:3    | Found Keirph's Book Shop.
 24306 | Elf:3    | Noticed an Executioner
 24363 | Elf:3    | Found Hacusser's Distillery.
 24367 | Elf:3    | Found Ziuleb's Antique Weapon Shop.
 24371 | Elf:3    | Bought a potion of curing for 51 gold pieces
 24371 | Elf:3    | Bought a potion of curing for 51 gold pieces
 24371 | Elf:3    | Bought a potion of heal wounds for 85 gold pieces
 24371 | Elf:3    | Bought a potion of curing for 51 gold pieces
 24396 | Elf:3    | Noticed a deep elf master archer
 24396 | Elf:3    | Cast into the Abyss (a deep elf demonologist)
 24771 | Abyss:1  | Lost mutation: You have an increased reservoir of magic (+10% MP). [a neqoxec]
 24779 | Abyss:1  | Gained mutation: You expend magic power (3 MP) to strengthen your wands. [a neqoxec]
 24801 | Abyss:1  | Noticed a tentacled starspawn
 24802 | Abyss:1  | Noticed a lich
 24835 | Abyss:1  | Gained mutation: Your spells are a little easier to cast, but a little less powerful. [a neqoxec]
 24871 | Abyss:1  | Found a stormy altar of Qazlal.
 24892 | Elf:3    | Escaped the Abyss
 24908 | Elf:3    | Noticed a Brimstone Fiend
 24912 | Elf:3    | Noticed a Hell Sentinel
 24926 | Elf:3    | Received a gift from Okawaru
 24928 | Elf:3    | Noticed an Ice Fiend
 24928 | Elf:3    | Killed a deep elf master archer
 24928 | Elf:3    | Noticed a deep elf blademaster
 25131 | Elf:3    | Reached skill level 10 in Dodging
 25354 | Elf:3    | Noticed Saint Roka
 25414 | Elf:3    | Killed Saint Roka
 25414 | Elf:3    | Reached skill level 19 in Shields
 25977 | Elf:3    | Killed a deep elf blademaster
 26077 | Elf:3    | Noticed a deep elf blademaster
 26090 | Elf:3    | Killed a deep elf blademaster
 26090 | Elf:3    | Received a gift from Okawaru
 26090 | Elf:3    | Reached XP level 17. HP: 98/148 MP: 20/20
 26109 | Elf:3    | HP: 5/148 [deep elf annihilator/iron shot (18)]
 26109 | Elf:3    | Mangled by a sun demon

Action                   |  1- 3 |  4- 6 |  7- 9 | 10-12 | 13-15 | 16-18 || total
-------------------------+-------+-------+-------+-------+-------+-------++-------
Melee: War axe           |    62 |   113 |   306 |   549 |  1378 |   442 ||  2850
       Short sword       |       |       |    16 |       |       |       ||    16
       Battleaxe         |       |       |     8 |       |       |       ||     8
       Flail             |       |       |       |     7 |    10 |       ||    17
Throw: Throwing net      |     7 |     1 |       |       |       |       ||     8
       Stone             |     1 |       |       |       |       |       ||     1
Invok: Heroism           |       |       |     1 |     5 |     7 |     4 ||    17
       Finesse           |       |       |       |     2 |     6 |     3 ||    11
 Abil: Spit Poison       |       |       |       |       |     1 |       ||     1
Evoke: Wand              |       |       |     1 |    17 |    11 |       ||    29
  Use: Potion            |     1 |     2 |     9 |     2 |     1 |     9 ||    24
       Scroll            |     7 |     9 |     2 |    11 |     8 |     3 ||    40
 Stab: Held in net/web   |     1 |       |       |       |       |       ||     1
       Sleeping          |       |       |       |     1 |       |       ||     1
  Eat: Chunk             |     1 |     1 |    11 |    19 |    28 |     5 ||    65
       Bread ration      |     1 |       |       |       |       |       ||     1
       Fruit             |       |       |     2 |       |       |       ||     2
       Beef jerky        |       |       |     1 |       |     2 |       ||     3
       Meat ration       |       |       |       |       |     2 |     1 ||     3
